 Dungeon Crawl Stone Soup version bcrawl-1.13 (webtiles) character file.

Game seed: 11284623915126608913

1253 Camlann the Carver (level 8, 39/58 HPs)
             Began as a Demonspawn Archaeologist on July 27, 2019.
             Quit the game on level 5 of the Dungeon.
             The game lasted 00:05:07 (3216 turns).

Camlann the Carver (Demonspawn Archaeologist)       Turns: 3216, Time: 00:05:08

Health: 39/58      AC:  8    Str: 13    XL:     8   Next: 26%
Magic:  8/8        EV: 12    Int: 17    God:
Gold:   347        SH:  6    Dex: 11    Spells: 7/7 levels left

rFire    + + +     SeeInvis .   f - +9 sword of Zonguldrok {reap}
rCold    . . .     Gourm    .   v - +0 buckler
rNeg     . . .     Faith    .   o - +1 robe {rF+}
rPois    .         Spirit   .   c - +1 hat
rElec    .         Reflect  .   (no cloak)
rCorr    .         Harm     .   (no gloves)
MR       .....                  d - +1 pair of boots
Stlth    ++........             (no amulet)
HPRegen  0.19/turn              m - ring of protection from fire
MPRegen  0.11/turn              u - ring of protection from fire

@: lightly drained
A: talons 1, slimy green scales 1, spiny 2
a: no special abilities


You were on level 5 of the Dungeon.
You were not hungry.

You visited 1 branch of the dungeon, and saw 5 of its levels.

You collected 347 gold pieces.

Inventory:

Hand Weapons
 a - the +6 spear "Transmigrator" {freeze, Str+2, unknown}
   (You found it on level 5 of the Dungeon)

   It has been specially enchanted to freeze those struck by it, causing extra
   injury to most foes and up to half again as much damage against particularly
   susceptible opponents.
   It can also slow down cold-blooded creatures.
   It affects your strength (+2).
 f - the +9 sword of Zonguldrok (weapon) {reap} If a monster killed with it leaves a corpse in good enough shape, the corpse will be animated as a zombie friendly to the killer.
Armour
 c - a +1 hat (worn)
 d - a +1 pair of boots (worn)
 o - a +1 robe of fire resistance (worn)
 v - a +0 buckler (worn)
Jewellery
 m - a ring of protection from fire (left hand)
 u - a ring of protection from fire (right hand)
Wands
 r - a wand of iceblast (7)
Scrolls
 h - 2 scrolls of teleportation
 i - 7 scrolls of remove curse
 q - 2 scrolls of fog
 t - a scroll of enchant weapon
 x - a scroll of magic mapping
 y - a scroll of amnesia
Potions
 b - 4 potions of curing
 e - a potion of haste {unknown}
 j - 4 potions of magic
 k - a potion of cancellation {unknown}
 l - a potion of lignification {unknown}
 n - a potion of might {unknown}
 p - 2 potions of resistance {unknown}
 s - 2 potions of heal wounds
 w - a potion of agility
 z - a potion of mutation {unknown}
Comestibles
 g - 12 rations {!d}


   Skills:
 - Level 3.0(2.7) Fighting
 + Level 9.0(8.7) Long Blades
   Level 0.8(0.5) Maces & Flails
 - Level 2.6(2.3) Dodging
 - Level 3.0(2.7) Stealth
 + Level 3.5(3.2) Shields


You had 7 spell levels left.
You didn't know any spells.
Your spell library contained the following spells:

 Spells                   Type           Power        Failure   Level  Hunger
 Apportation              Tloc           #.....       26%         1    ##.....
 Infusion                 Chrm           #.......     26%         1    ##.....
 Sandblast                Erth           #.....       26%         1    ##.....
 Slow                     Hex            #.......     26%         1    ##.....
 Summon Butterflies       Summ           #.......     26%         1    ##.....


Dungeon Overview and Level Annotations

Branches:
Dungeon (5/12)
 Temple: D:4-7

Altars:
Sif Muna
Zin


Innate Abilities, Weirdness & Mutations

You have sharp toenails.
You are partially covered in slimy green scales. (AC +2)
You are mostly covered in sharp spines.


Message History

You destroy the wight!
Things that are here:
a +5 dagger; a +0 robe You start resting.
A quokka comes into view.
A quokka is nearby!
You are too injured to fight recklessly!
You block the quokka's attack. The quokka is struck by your spines.
The quokka misses you.
Your shield prevents you from hitting the quokka.
You block the quokka's attack.
You barely miss the quokka. The quokka is struck by your spines.
The quokka barely misses you.
You closely miss the quokka. You block the quokka's attack.
You barely miss the quokka.
The quokka bites you but does no damage.
You block the quokka's attack.
You closely miss the quokka. The quokka is struck by your spines.
You kill the quokka!
You see here a quokka corpse.

*,**,**,,,,*********,,,,,,*
*,**,**,****,,,,,,,,,,,,*,*
*,,,,,,,*###,***,,**,**,*,*
****,,,,,..#,# *,,**,,,,*,*
*,,##*#.#.#**,,**,**,*,*
*,,,..#.#.,,,,,,,,,,,*,*
**,*#.#..,,,,,#**,,,,,,*
#.##.#.#**,*.#*****,***
#..>..@#,,,..,** *,*
####.#Z#,,..,,,* *,*
#.#.#,.##..,****,*
#.#.#......,,,,,,* ***
#######).).......,******
,,*
#.....)####.#.##.,*#######
*,* #.####.#
*...,,,,*#......
*,******,####)#
*,....,,*#.#####
*,,,,,,.,,..#.#
**#.###**#.##...


You could see a friendly orc zombie.

Vanquished Creatures
  A sky beast (D:5)
  An ogre (D:5)
  A phantom (D:4)
  2 bullfrogs
  4 wights (D:5)
  2 howler monkeys
  A crimson imp (D:4)
  A jelly (D:4)
  An orc priest (D:3)
  A bullfrog skeleton (D:4)
  A centaur skeleton (D:4)
  A hound (D:5)
  5 orc wizards
  Terence (D:2)
  Jessica (D:3)
  3 worker ants
  A gnoll (D:1)
  5 adders
  A shadow imp (D:5)
  5 oozes
  A worm (D:3)
  4 dart slugs
  A leopard gecko (D:2)
  11 orcs
  7 bats
  A giant cockroach (D:2)
  6 goblins
  4 hobgoblins
  11 jackals
  8 kobolds
  8 quokkas
  5 frilled lizards
  A jackal zombie (D:5)
  A quokka skeleton (D:5)
  4 rats
112 creatures vanquished.

Vanquished Creatures (collateral kills)
  An orc (D:5)
1 creature vanquished.

Grand Total: 113 creatures vanquished

Notes
Turn   | Place    | Note
-------+----------+-------------------------------------------
     0 | D:1      | Camlann the Demonspawn Archaeologist began the quest for
                  | the Orb.
     0 | D:1      | Reached XP level 1. HP: 15/15 MP: 1/1
   112 | D:1      | Gained mutation: You are partially covered in sharp spines.
                  | [demonic ancestry]
   112 | D:1      | Reached XP level 2. HP: 18/22 MP: 2/2
   305 | D:1      | Gained mutation: You are mostly covered in sharp spines.
                  | [demonic ancestry]
   305 | D:1      | Reached XP level 3. HP: 25/29 MP: 3/3
   405 | D:1      | Reached skill level 1 in Long Blades
   597 | D:1      | Reached skill level 2 in Long Blades
   928 | D:2      | Gained mutation: You are partially covered in slimy green
                  | scales. (AC +2) [demonic ancestry]
   928 | D:2      | Reached XP level 4. HP: 34/35 MP: 4/4
   929 | D:2      | Reached skill level 3 in Long Blades
   981 | D:2      | Noticed Terence
  1013 | D:2      | Reached skill level 4 in Long Blades
  1027 | D:2      | Killed Terence
  1027 | D:2      | Reached XP level 5. HP: 32/41 MP: 5/5
  1039 | D:2      | Reached skill level 5 in Long Blades
  1734 | D:3      | Noticed Jessica
  1745 | D:3      | Killed Jessica
  1746 | D:3      | Reached skill level 6 in Long Blades
  1779 | D:3      | Found a deep blue altar of Sif Muna.
  2160 | D:3      | Reached XP level 6. HP: 47/47 MP: 6/6
  2176 | D:3      | Reached skill level 7 in Long Blades
  2216 | D:3      | Found a glowing silver altar of Zin.
  2466 | D:4      | Reached XP level 7. HP: 46/52 MP: 7/7
  2714 | D:4      | Reached skill level 8 in Long Blades
  2918 | D:5      | Entered Level 5 of the Dungeon
  2930 | D:5      | Reached skill level 1 in Shields
  3090 | D:5      | Got a warped spear
  3174 | D:5      | Gained mutation: You have sharp toenails. [demonic
                  | ancestry]
  3174 | D:5      | Reached XP level 8. HP: 47/58 MP: 8/8
  3199 | D:5      | Reached skill level 9 in Long Blades
  3216 | D:5      | Quit the game

Skill      XL: |  1  2  3  4  5  6  7  8 |
---------------+-------------------------+-----
Fighting       | 2 3 |  3.0
Long Blades    | 2 4 6 7 8 9 |  9.0
Shields        | 2 3 |  3.5
Maces & Flails | |  0.8
Dodging        | |  2.6
Stealth        | |  3.0

Action                   |  1- 3 |  4- 6 |  7- 9 || total
-------------------------+-------+-------+-------++-------
Melee: Whip              |    82 |   100 |       ||   182
       Double sword      |       |    33 |    46 ||    79
  Use: Potion            |     1 |     2 |       ||     3
       Scroll            |       |     6 |     3 ||     9
 Stab: Sleeping          |     4 |     6 |     3 ||    13
  Eat: Chunk             |       |     4 |       ||     4
       Ration            |       |       |     1 ||     1
Armor: Robe              |    26 |    31 |    18 ||    75
Dodge: Dodged            |    63 |    62 |    16 ||   141
Block: Other             |       |     1 |       ||     1
       Buckler           |       |       |    10 ||    10
